cohdb
Replays
Latest Replays
All Replays
Popular Replays
Top Player Replays
Match Explorer
How It Works
Community
CoH3 Stats
Reddit
Sign in to upload your games and track your stats! →
Sign in with Steam
Match 47059887
Unlisted
Match 47059887
Overview
Messages
Build Orders
End
Construct Barracks
Riflemen Squad
Selects Heavy Weapons
Riflemen Squad
Grenade Package
Construct Weapon Support Center
M1919 Machine Gun Team
Selects M2HB .50cal Heavy Machine Gun
Bazooka Squad
Selects Gallant Stand
Air Support Center
M3 Armored Personnel Carrier
Grasshopper Recon Run
Improved M9 Bazooka Rockets
P-47 Strafing Run
M3 Armored Personnel Carrier
M1918 Browning Automatic Rifles
Bazooka Squad
Grasshopper Recon Run
Selects Assault Carriers
Engineer Squad
P-47 Strafing Run
P-47 Dive Bomb
Double Sortie
M1919 Machine Gun Team
M1919 Machine Gun Team
Gallant Stand
Bazooka Squad
Selects Bolstered Team Weapons
P-47 Strafing Run
Grasshopper Recon Run
P-47 Strafing Run
M1919 Machine Gun Team
1⁄4-ton 4x4 Truck
Gallant Stand
M3 Assault Carrier
Gallant Stand
Selects Halftrack Strongpoints
Gallant Stand
Grasshopper Recon Run
Gallant Stand
P-47 Strafing Run
Selects M26 Pershing Heavy Tank
Boneless
ValiantHawk
BazookaJoe
BigBoss
Gott mit Uns
sympTom
0
0
Comments
sign in to comment!
No comments posted yet!